 Dungeon Crawl Stone Soup version 0.23-a0-394-g6ce9549 (webtiles) character file.

84 sleepydude the Skirmisher (level 4, 0/40 HPs)
             Began as a Hill Orc Fighter on Oct 31, 2018.
             Slain by a leopard gecko (4 damage)
             ... on level 2 of the Dungeon.
             The game lasted 00:02:41 (1636 turns).

sleepydude the Skirmisher (Hill Orc Fighter)        Turns: 1636, Time: 00:02:42

Health: 0/40       AC: 12    Str: 19    XL:     4   Next: 45%
Magic:  4/4        EV:  3    Int:  8    God:
Gold:   102        SH:  9    Dex: 10    Spells: 3/3 levels left

rFire    . . .     SeeInvis .   a - +0 flail
rCold    . . .     Gourm    .   c - +0 shield
rNeg     . . .     Faith    .   q - +0 plate armour
rPois    .         Spirit   .   (no helmet)
rElec    .         Reflect  .   (no cloak)
rCorr    .         Harm     .   v - +0 pair of gloves
MR       .....                  (no boots)
Stlth    ..........             l - amulet of magic regeneration
HPRegen  0.13/turn              t - ring of wizardry
MPRegen  0.34/turn              (no ring)

@: lethally poisoned (0 -> -35), drained
A: no striking features
a: no special abilities


You were on level 2 of the Dungeon.
You were not hungry.

You visited 1 branch of the dungeon, and saw 2 of its levels.

You collected 102 gold pieces.

Inventory:

Hand Weapons
 a - a +0 flail (weapon)
Armour
 b - a +0 scale mail
 c - a +0 shield (worn)
 q - a +0 plate armour (worn)
 v - a +0 pair of gloves (worn)
Jewellery
 l - an amulet of magic regeneration (around neck)
 r - an uncursed ring of ice
 t - a ring of wizardry (left hand)
Scrolls
 e - 2 scrolls of enchant weapon {unknown}
 h - a scroll of immolation {unknown}
 i - a scroll of teleportation {unknown}
 j - a scroll of identify {unknown}
 k - a scroll of amnesia {unknown}
 n - a scroll of remove curse {unknown}
 o - 2 scrolls of magic mapping {unknown}
 s - a scroll of fear {unknown}
Potions
 d - 2 potions of might
 g - a potion of invisibility {unknown}
 m - 2 potions of degeneration {unknown}
 p - a potion of lignification {unknown}
 u - a potion of curing {unknown}
Comestibles
 f - 4 rations


   Skills:
 + Level 4.2(4.1) Fighting
 + Level 3.4(3.3) Maces & Flails
 + Level 3.7(3.6) Armour
 + Level 0.1(0.0) Dodging
 + Level 0.1(0.0) Stealth
 + Level 4.1(4.0) Shields


You had 3 spell levels left.
You didn't know any spells.
Your spell library was empty.

Dungeon Overview and Level Annotations

Branches:
Dungeon (2/15)

Altars:
Elyvilon

Annotations:
D:2 Sigmund


Message History

You hit Sigmund but do no damage.
Sigmund is moderately wounded.
You feel very sick. You block the leopard gecko's attack.
The leopard gecko completely misses you.
Your shield and plate armour prevent you from hitting Sigmund.
Sigmund is moderately wounded.
You feel very sick. Sigmund casts a spell at you. You resist with some effort.
The leopard gecko bites you but does no damage.
Sigmund hits you with a +3 scythe of venom.
* * * LOW HITPOINT WARNING * * *
You are more poisoned.
Your shield prevents you from hitting Sigmund.
Sigmund is moderately wounded.
* * * LOW HITPOINT WARNING * * *
You feel very sick. The leopard gecko bites you.
You die...

############## #########
#.............
#.......###.####..#####
#...@@...<.###.[#####.
#....>.l..............#.
#............###........
#.......###..###........
#.#.....# #.............
#........ ...######...##
####[#### #### #.### #.
#.# #.#


You could see Sigmund and a leopard gecko.

Vanquished Creatures
  4 adders (D:2)
  2 dart slugs
  3 giant cockroaches
  4 goblins (D:1)
  4 hobgoblins
  7 jackals
  5 bats
  5 frilled lizards
  5 kobolds
  6 rats
45 creatures vanquished.

Vanquished Creatures (others)
  A bat (D:2)
1 creature vanquished.

Grand Total: 46 creatures vanquished

Notes
Turn   | Place    | Note
-------+----------+-------------------------------------------
     0 | D:1      | sleepydude the Hill Orc Fighter began the quest for the
                  | Orb.
     0 | D:1      | Reached XP level 1. HP: 19/19 MP: 1/1
   201 | D:1      | Reached XP level 2. HP: 25/27 MP: 2/2
   604 | D:1      | Reached XP level 3. HP: 32/33 MP: 3/3
  1081 | D:2      | Found a white marble altar of Elyvilon.
  1159 | D:2      | Reached XP level 4. HP: 28/40 MP: 4/4
  1627 | D:2      | Noticed Sigmund
  1636 | D:2      | Slain by a leopard gecko

Vault maps used:
D:1:      minmay_arrival_doors
D:2:      elyvilon_altar_4, uniq_sigmund

Skill      XL: |  1  2  3 |
---------------+----------+-----
Fighting       | 4 |  4.2
Maces & Flails | 3 |  3.4
Shields        | 4 |  4.1
Armour         | |  3.7
Dodging        | |  0.1
Stealth        | |  0.1

Action                   |  1- 3 |  4- 6 || total
-------------------------+-------+-------++-------
Melee: Flail             |   148 |    55 ||   203
  Eat: Chunk             |     1 |     2 ||     3
Armor: Scale mail        |    29 |       ||    29
       Plate armour      |   122 |    68 ||   190
Dodge: Dodged            |    50 |    13 ||    63
Block: Shield            |   119 |    43 ||   162

Table legend:
 A = Non-vault XP
 B = Vault XP
 C = Vault XP percentage of total XP
 D = Non-vault monster count
 E = Vault monster count
 F = Vault count percentage of total count
                 A         B        C        D         E       F
            +---------+---------+-------+---------+---------+-------
      Total |     120 |       0 |   0.0 |      45 |       0 |   0.0
            +---------+---------+-------+---------+---------+-------
        D:1 |      40 |       0 |   0.0 |      25 |       0 |   0.0
        D:2 |      80 |       0 |   0.0 |      20 |       0 |   0.0
            +---------+---------+-------+---------+---------+-------
